 Dungeon Crawl Stone Soup version 0.31.0-12-g77e489cdc1 (webtiles) character file.

Game seed: 10997138689742417223

215 Gadfly the Trooper (level 5, -5/33 HPs)
             Began as a Gargoyle Fighter on Mar 8, 2024.
             Slain by a gnoll
             ... wielding a +0 flail
              (6 damage)
             ... on level 4 of the Dungeon.
             The game lasted 00:03:52 (2864 turns).

Gadfly the Trooper (Gargoyle Fighter)               Turns: 2864, Time: 00:03:54

Health: -5/33      AC: 13    Str: 20    XL:     5   Next: 92%
Magic:  6/6        EV:  7    Int:  8    God:
Gold:   89         SH:  5    Dex: 11    Spells: 4/4 levels left

rFire   . . .        a - +0 flail
rCold   . . .        c - +1 buckler
rNeg    + . .        j - +0 chain mail
rPois   ∞            (no helmet)
rElec   +            (no cloak)
rCorr   .            (no gloves)
SInv    .            (no boots)
Will    .....        (no amulet) Stlth
                     (no ring)
HPRegen 0.25/turn    (no ring)
MPRegen 0.10/turn

%: no passive effects
@: no status effects
A: sickness immunity, AC +4, negative energy resistance 1, electricity
resistance, torment resistance 1, petrification resistance, sense surroundings
1, wild magic 1
a: no special abilities


You were on level 4 of the Dungeon.
You visited 1 branch of the dungeon, and saw 4 of its levels.

You collected 89 gold pieces.

Inventory:

Hand Weapons
 a - a +0 flail (weapon)
Armour
 c - a +1 buckler (worn)
 j - a +0 chain mail (worn)
Wands
 l - a wand of charming (5) (quivered)
Scrolls
 e - 2 scrolls of poison
 g - 2 scrolls of enchant armour
 k - a scroll of vulnerability
 m - a scroll of fog {unknown}
Potions
 b - a potion of mutation
 d - a potion of might
 f - a potion of invisibility {unknown}
 h - a potion of heal wounds
 i - a potion of attraction {unknown}
 n - a potion of lignification {unknown}
 p - a potion of haste {unknown}


   Skills:
 + Level 3.9 Fighting
 * Level 3.3 Maces & Flails
 + Level 3.8 Armour
 + Level 3.8 Shields
 * Level 2.4 Invocations
 * Level 2.1 Evocations


You had 4 spell levels left.
You didn't know any spells.
Your spell library contained the following spells:

 Spells                   Type           Power      Damage    Failure   Level
 Call Imp                 Summ           0%         N/A       100%        2
 Summon Hydra             Summ           0%         N/A       100%        7
 Sublimation of Blood     Necr           Unusable   N/A       N/A         2

Dungeon Overview and Level Annotations

Branches:
Dungeon (4/15)
 Temple: D:4-7

Altars:


Innate Abilities, Weirdness & Mutations

You are immune to sickness and miasma.
Your stone body is resilient. (AC +4)
You are immune to poison.
You resist negative energy. (rN+)
You are resistant to electric shocks. (rElec)
You are resistant to unholy torment.
You are immune to petrification.
You passively map a small area around you.
Your spells are a little harder to cast, but a little more powerful.


Message History

You are too injured to fight recklessly!
You are too injured to fight recklessly!
You are too injured to fight recklessly!
You are too injured to fight recklessly!
You are too injured to fight recklessly!
You are too injured to fight recklessly!
You are too injured to fight recklessly!
You are too injured to fight recklessly!
You are too injured to fight recklessly!
You are too injured to fight recklessly!
Unknown command.
The gnoll hits you with a +0 whip. The gnoll attacks as it pursues you!
The gnoll closely misses you. The gnoll attacks as it pursues you!
The gnoll hits you but does no damage. The gnoll attacks as it pursues you!
The gnoll hits you with a +0 flail!
* * * LOW HITPOINT WARNING * * *
The gnoll attacks as it pursues you! The gnoll closely misses you.
The gnoll attacks as it pursues you! The gnoll barely misses you.
The gnoll attacks as it pursues you! The gnoll hits you with a +0 flail.
* * * LOW HITPOINT WARNING * * *
You feel much better. You block the gnoll's attack.
The gnoll hits you but does no damage. x2
You hit the gnoll.
The gnoll is moderately wounded.
You block the gnoll's attack. The gnoll barely misses you.
You block the gnoll's attack. The gnoll hits you with a +0 flail.
You hit the gnoll.
The gnoll is heavily wounded.
You block the gnoll's attack. The gnoll hits you but does no damage.
You block the gnoll's attack.
The gnoll hits you but does no damage. x2
The gnoll hits you with a +0 flail of holy wrath!
* * * LOW HITPOINT WARNING * * *
You sock the gnoll!
You kill the gnoll!
You block the gnoll's attack. The gnoll hits you with a +0 flail.
* * * LOW HITPOINT WARNING * * *
The gnoll hits you with a +0 whip.
* * * LOW HITPOINT WARNING * * *
The gnoll barely misses you. The gnoll hits you with a +0 flail.
You die...

...## #..............## ...#
#...............## ...##
#................## ....##
##..................
.....#####...................
)............................
#............................
*
##.##########..†g)...########
##.# #...@g...# , ##.##
##...g...# , ....# #.......#
###.# #.......#~ ,, #.#.##
##......# ~ ^^#..###
###......# , , ###....##
##........# ~
..'.#...####..÷......# *
###..#...).>.......... , ,


You could see 3 gnolls.

Vanquished Creatures
  Jessica (D:2)
  Terence (D:3)
  2 iguanas (D:4)
  4 adders
  A gnoll (D:4)
  7 dart slugs
  A ribbon worm (D:2)
  An orc (D:3)
  8 ball pythons
  2 bats (D:2)
  3 endoplasms
  4 giant cockroaches
  8 goblins
  2 hobgoblins
  5 quokkas
  3 frilled lizards
  7 kobolds
  5 rats
65 creatures vanquished.

Notes
Turn   | Place    | Note
-------+----------+-------------------------------------------
     0 | D:1      | Gadfly the Gargoyle Fighter began the quest for the Orb.
     0 | D:1      | Reached XP level 1. HP: 14/14 MP: 1/1
   340 | D:1      | Reached XP level 2. HP: 18/19 MP: 2/2
   509 | D:1      | Reached skill level 1 in Invocations
   566 | D:1      | Reached XP level 3. HP: 23/23 MP: 3/3
   783 | D:2      | Noticed Jessica
   800 | D:2      | Killed Jessica
   801 | D:2      | Reached skill level 1 in Evocations
  1003 | D:2      | Reached XP level 4. HP: 27/28 MP: 5/5
  1513 | D:2      | Gained mutation: You passively map a small area around you.
                  | [potion of mutation]
  1513 | D:2      | Gained mutation: Your spells are a little harder to cast,
                  | but a little more powerful. [potion of mutation]
  1902 | D:3      | Noticed Terence
  1913 | D:3      | Killed Terence
  1914 | D:3      | Reached XP level 5. HP: 22/33 MP: 6/6
  2592 | D:4      | Noticed a black bear
  2614 | D:4      | Noticed an ogre
  2864 | D:4      | HP: 1/33 [gnoll/+0 whip (1)]
  2864 | D:4      | Slain by a gnoll

Illustrated notes

Levels and vault maps discovered:
D:1:      onia_arrival_pyramid, layout_loops_ring
D:2:      kennysheep_big_flooded_room, layout_loops_ring, uniq_jessica
D:3:      layout_basic, nicolae_twisty_statue_hallways, uniq_terence
D:4:      layout_layer_cave, nzn_wu_jian_contemplation, grunt_tough_drop

Skill      XL: |  1  2  3  4  5 |
---------------+----------------+-----
Invocations    | 1 2 |  2.4
Evocations     | 1 2 |  2.1
Maces & Flails | 3 |  3.3
Fighting       | |  3.9
Armour         | |  3.8
Shields        | |  3.8

Action                     |  1- 3 |  4- 6 || total
---------------------------+-------+-------++-------
  Melee: Flail             |   104 |   141 ||   245
    Use: Scroll            |     3 |     4 ||     7
         Potion            |       |     4 ||     4
 Armour: Scale mail        |    18 |       ||    18
         Leather armour    |    20 |       ||    20
         Chain mail        |    39 |   138 ||   177
  Dodge: Dodged            |    47 |    56 ||   103
  Block: Buckler           |    17 |    35 ||    52
